2982 views
Uploaded 2019-12-01 21:16:13
Game version 1.32.0.2 / 1.32.0.2.1
26:59 long 4on4 ladder game on (8)MarketSquare
Saved by iggythefisk
2982 views
Uploaded 2019-12-01 21:16:13
Game version 1.32.0.2 / 1.32.0.2.1
26:59 long 4on4 ladder game on (8)MarketSquare


194 units @ 31k
/ 4.5k
110 buildings @ 13.4k
/ 5.8k



| Rod of Necromancy | 1 | 150 |
| total: | 1 | 150g |
| Acolyte | 16 | 1200 | / | 0 |
| Ghoul | 8 | 960 | / | 0 |
| Crypt Fiend | 10 | 2150 | / | 400 |
| Obsidian Statue | 5 | 1000 | / | 175 |
| Frost Wyrm | 5 | 1925 | / | 600 |
| Siege Engine | 1 | 195 | / | 60 |
| Rifleman | 1 | 205 | / | 30 |
| total: | 46 | 7635g | / | 1265w |
| Spirit Tower | 15 | 2175 | / | 600 |
| Nerubian Tower | 3 | 300 | / | 60 |
| Altar of Darkness | 1 | 180 | / | 50 |
| Crypt | 1 | 200 | / | 50 |
| Ziggurat | 25 | 3750 | / | 1250 |
| Graveyard | 1 | 215 | / | 0 |
| Tomb of Relics | 1 | 130 | / | 30 |
| Sacrificial Pit | 1 | 75 | / | 150 |
| Slaughterhouse | 1 | 140 | / | 135 |
| Boneyard | 2 | 350 | / | 400 |
| Halls of the Dead | 1 | 320 | / | 210 |
| Black Citadel | 1 | 325 | / | 230 |
| Scout Tower | 8 | 240 | / | 160 |
| Farm | 6 | 480 | / | 120 |
| Workshop | 2 | 280 | / | 280 |
| Castle | 1 | 360 | / | 210 |
| total: | 49 | 6040g | / | 2625w |
| 0:05 | Acolyte |
| 0:07 | Acolyte |
| 0:15 | Altar of Darkness |
| 0:19 | Crypt |
| 0:43 | Acolyte |
| 0:49 | Ziggurat |
| 1:09 | Graveyard |
| 1:29 | Ziggurat |
| 1:42 | Ghoul |
| 1:42 | Ghoul |
| 1:54 | Ghoul |
| 2:09 | Tomb of Relics |
| 2:25 | Ghoul |
| 2:29 | Ziggurat |
| 2:39 | Ghoul |
| 2:53 | Ghoul |
| 2:57 | Impale |
| 3:17 | Crypt Fiend |
| 3:37 | Crypt Fiend |
| 3:59 | Crypt Fiend |
| 4:16 | Ziggurat |
| 4:26 | Rod of Necromancy |
| 4:44 | Ghoul |
| 4:59 | Ziggurat |
| 5:05 | Ghoul |
| 5:50 | Acolyte |
| 5:50 | Acolyte |
| 5:51 | Acolyte |
| 5:58 | Crypt Fiend |
| 6:13 | Acolyte |
| 6:29 | Acolyte |
| 6:44 | Spiked Carapace |
| 6:59 | Crypt Fiend |
| 7:17 | Halls of the Dead |
| 7:24 | Impale |
| 7:56 | Ziggurat |
| 7:57 | Ziggurat |
| 7:59 | Ziggurat |
| 8:01 | Ziggurat |
| 8:23 | Ziggurat |
| 8:36 | Crypt Fiend |
| 8:39 | Creature Attack |
| 8:39 | Improved Creature Attack |
| 9:16 | Spirit Tower |
| 9:17 | Spirit Tower |
| 9:19 | Spirit Tower |
| 9:22 | Crypt Fiend |
| 9:26 | Nerubian Tower |
| 9:28 | Spirit Tower |
| 10:15 | Spirit Tower |
| 10:17 | Spirit Tower |
| 10:18 | Spirit Tower |
| 10:21 | Crypt Fiend |
| 11:05 | Acolyte |
| 11:42 | Death Coil |
| 11:47 | Ziggurat |
| 11:54 | Sacrificial Pit |
| 12:05 | Ziggurat |
| 12:06 | Ziggurat |
| 12:20 | Black Citadel |
| 12:22 | Advanced Creature Attack |
| 12:23 | Creature Carapace |
| 12:26 | Web |
| 12:50 | Spiked Carapace |
| 13:28 | Crypt Fiend |
| 13:36 | Slaughterhouse |
| 13:54 | Nerubian Tower |
| 13:56 | Spirit Tower |
| 13:58 | Spirit Tower |
| 13:58 | Spirit Tower |
| 14:59 | Destroyer Form |
| 15:03 | Boneyard |
| 15:04 | Boneyard |
| 15:06 | Improved Creature Carapace |
| 15:21 | Burrow |
| 15:23 | Crypt Fiend |
| 16:01 | Priest Adept Training |
| 16:05 | Black Gunpowder |
| 16:14 | Farm |
| 16:15 | Farm |
| 16:15 | Farm |
| 16:18 | Farm |
| 16:19 | Farm |
| 16:20 | Farm |
| 16:45 | Frost Nova |
| 17:05 | Obsidian Statue |
| 17:05 | Obsidian Statue |
| 17:09 | Frost Wyrm |
| 17:11 | Freezing Breath |
| 17:19 | Ziggurat |
| 17:20 | Ziggurat |
| 17:22 | Ziggurat |
| 17:23 | Ziggurat |
| 17:52 | Unholy Aura |
| 18:18 | Spirit Tower |
| 18:33 | Acolyte |
| 18:33 | Acolyte |
| 18:33 | Acolyte |
| 18:36 | Acolyte |
| 19:44 | Castle |
| 19:50 | Workshop |
| 19:50 | Workshop |
| 20:01 | Ziggurat |
| 20:01 | Ziggurat |
| 20:02 | Ziggurat |
| 20:03 | Ziggurat |
| 20:08 | Acolyte |
| 20:08 | Acolyte |
| 20:08 | Acolyte |
| 21:07 | Frost Wyrm |
| 21:14 | Obsidian Statue |
| 21:20 | Spirit Tower |
| 21:26 | Nerubian Tower |
| 22:17 | Spirit Tower |
| 22:21 | Ziggurat |
| 22:23 | Ziggurat |
| 22:26 | Frost Wyrm |
| 22:32 | Priest Master Training |
| 22:36 | Improved Lumber Harvesting |
| 22:36 | Improved Masonry |
| 22:39 | Siege Engine |
| 22:43 | Refined Gunpowder |
| 22:45 | Rifleman |
| 22:51 | Scout Tower |
| 22:51 | Scout Tower |
| 22:52 | Scout Tower |
| 22:54 | Scout Tower |
| 22:55 | Scout Tower |
| 22:55 | Scout Tower |
| 22:56 | Scout Tower |
| 22:57 | Scout Tower |
| 23:04 | Ziggurat |
| 23:05 | Ziggurat |
| 23:53 | Frost Armor |
| 24:33 | Obsidian Statue |
| 24:35 | Advanced Creature Carapace |
| 24:36 | Frost Wyrm |
| 26:15 | Frost Wyrm |
| 26:20 | Obsidian Statue |
| Right click | 783 |
| Select | 357 |
| Build/train/purchase | 114 |
| Use ability | 35 |
| Chat | 31 |
| Remove unit | 7 |
| Minimap ping | 3 |
| Item give/drop | 2 |


| Rod of Necromancy | 1 | 150 |
| Orb of Corruption | 2 | 750 |
| Potion of Healing | 2 | 300 |
| total: | 5 | 1200g |
| Acolyte | 6 | 450 | / | 0 |
| Ghoul | 8 | 960 | / | 0 |
| Crypt Fiend | 9 | 1935 | / | 360 |
| Gargoyle | 1 | 175 | / | 30 |
| Frost Wyrm | 1 | 385 | / | 120 |
| Meat Wagon | 4 | 920 | / | 200 |
| total: | 29 | 4825g | / | 710w |
| Nerubian Tower | 3 | 300 | / | 60 |
| Spirit Tower | 2 | 290 | / | 80 |
| Crypt | 1 | 200 | / | 50 |
| Altar of Darkness | 1 | 180 | / | 50 |
| Ziggurat | 6 | 900 | / | 300 |
| Tomb of Relics | 1 | 130 | / | 30 |
| Graveyard | 2 | 430 | / | 0 |
| Sacrificial Pit | 1 | 75 | / | 150 |
| Slaughterhouse | 1 | 140 | / | 135 |
| Boneyard | 1 | 175 | / | 200 |
| Halls of the Dead | 2 | 640 | / | 420 |
| Black Citadel | 1 | 325 | / | 230 |
| total: | 14 | 2230g | / | 915w |
| 0:05 | Acolyte |
| 0:10 | Crypt |
| 0:14 | Altar of Darkness |
| 0:30 | Ziggurat |
| 0:31 | Ziggurat |
| 0:40 | Acolyte |
| 1:12 | Ghoul |
| 1:26 | Ghoul |
| 1:39 | Tomb of Relics |
| 1:48 | Ziggurat |
| 1:57 | Acolyte |
| 2:00 | Ghoul |
| 2:17 | Graveyard |
| 2:24 | Death Coil |
| 2:34 | Ghoul |
| 2:49 | Rod of Necromancy |
| 2:59 | Ghoul |
| 3:09 | Graveyard |
| 3:44 | Nerubian Tower |
| 3:45 | Acolyte |
| 3:56 | Ghoul |
| 4:04 | Acolyte |
| 4:14 | Ghoul |
| 4:15 | Acolyte |
| 4:35 | Crypt Fiend |
| 4:47 | Ziggurat |
| 5:13 | Halls of the Dead |
| 5:24 | Unholy Aura |
| 5:38 | Crypt Fiend |
| 6:09 | Crypt Fiend |
| 7:03 | Crypt Fiend |
| 7:12 | Creature Attack |
| 7:50 | Burrow |
| 8:05 | Crypt Fiend |
| 8:19 | Spirit Tower |
| 8:20 | Nerubian Tower |
| 8:30 | Web |
| 9:00 | Gargoyle |
| 9:29 | Black Citadel |
| 9:44 | Ghoul |
| 10:29 | Frost Nova |
| 10:36 | Crypt Fiend |
| 11:45 | Frost Armor |
| 12:01 | Ziggurat |
| 12:01 | Ziggurat |
| 12:06 | Improved Creature Attack |
| 12:42 | Sacrificial Pit |
| 12:47 | Crypt Fiend |
| 13:18 | Orb of Corruption |
| 13:40 | Boneyard |
| 14:04 | Nerubian Tower |
| 14:04 | Spirit Tower |
| 14:32 | Slaughterhouse |
| 14:59 | Frost Wyrm |
| 15:58 | Meat Wagon |
| 15:58 | Meat Wagon |
| 16:20 | Freezing Breath |
| 18:43 | Death Coil |
| 19:13 | Frost Nova |
| 20:14 | Orb of Corruption |
| 20:18 | Potion of Healing |
| 20:19 | Potion of Healing |
| 20:46 | Brilliance Aura |
| 21:46 | Crypt Fiend |
| 21:46 | Crypt Fiend |
| 21:48 | Meat Wagon |
| 21:49 | Meat Wagon |
| 22:35 | Advanced Creature Attack |
| 22:46 | Creature Carapace |
| Right click | 1506 |
| Select | 345 |
| Select group | 291 |
| Build/train/purchase | 65 |
| Misc. action | 28 |
| Use ability | 27 |
| Assign group | 26 |
| Minimap ping | 8 |
| Remove unit | 1 |

| Boots of Speed | 1 | 250 |
| Staff of Teleportation | 1 | 150 |
| total: | 2 | 400g |
| Peasant | 30 | 2250 | / | 0 |
| Footman | 5 | 675 | / | 0 |
| Rifleman | 3 | 615 | / | 90 |
| Priest | 4 | 540 | / | 40 |
| Gryphon Rider | 27 | 7560 | / | 1890 |
| Spell Breaker | 1 | 215 | / | 30 |
| Dragonhawk Rider | 2 | 400 | / | 60 |
| total: | 72 | 12255g | / | 2110w |
| Scout Tower | 2 | 60 | / | 40 |
| Arcane Tower | 2 | 140 | / | 100 |
| Barracks | 1 | 160 | / | 60 |
| Farm | 14 | 1120 | / | 280 |
| Altar of Kings | 1 | 180 | / | 50 |
| Lumber Mill | 1 | 120 | / | 0 |
| Arcane Vault | 1 | 130 | / | 30 |
| Blacksmith | 1 | 140 | / | 60 |
| Town Hall | 1 | 385 | / | 205 |
| Gryphon Aviary | 2 | 280 | / | 300 |
| Arcane Sanctum | 2 | 300 | / | 280 |
| Keep | 1 | 320 | / | 210 |
| Castle | 1 | 360 | / | 210 |
| total: | 26 | 2875g | / | 1305w |
| 0:09 | Barracks |
| 0:10 | Peasant |
| 0:10 | Peasant |
| 0:15 | Farm |
| 0:21 | Peasant |
| 0:33 | Altar of Kings |
| 0:53 | Peasant |
| 1:06 | Peasant |
| 1:11 | Footman |
| 1:18 | Farm |
| 1:42 | Peasant |
| 1:43 | Footman |
| 2:12 | Lumber Mill |
| 2:16 | Peasant |
| 2:20 | Footman |
| 2:29 | Peasant |
| 2:35 | Farm |
| 2:41 | Peasant |
| 2:48 | Peasant |
| 2:54 | Summon Water Elemental |
| 3:24 | Arcane Vault |
| 3:25 | Peasant |
| 3:28 | Blacksmith |
| 3:59 | Keep |
| 4:00 | Footman |
| 4:12 | Footman |
| 4:31 | Farm |
| 4:50 | Farm |
| 4:52 | Black Gunpowder |
| 5:21 | Brilliance Aura |
| 5:34 | Rifleman |
| 5:35 | Rifleman |
| 5:47 | Farm |
| 5:50 | Farm |
| 7:02 | Gryphon Aviary |
| 7:05 | Gryphon Aviary |
| 7:09 | Peasant |
| 7:09 | Peasant |
| 7:11 | Refined Gunpowder |
| 7:29 | Town Hall |
| 7:38 | Rifleman |
| 7:44 | Arcane Sanctum |
| 7:45 | Improved Lumber Harvesting |
| 8:54 | Castle |
| 9:00 | Arcane Sanctum |
| 9:03 | Farm |
| 9:13 | Studded Leather Armor |
| 9:33 | Priest |
| 9:50 | Farm |
| 9:54 | Improved Masonry |
| 10:15 | Farm |
| 10:17 | Priest Adept Training |
| 10:18 | Priest |
| 10:30 | Peasant |
| 10:30 | Peasant |
| 10:31 | Peasant |
| 10:34 | Farm |
| 11:00 | Scout Tower |
| 11:04 | Farm |
| 11:05 | Priest |
| 11:16 | Farm |
| 11:19 | Gryphon Rider |
| 11:20 | Storm Hammers |
| 11:28 | Peasant |
| 11:28 | Peasant |
| 11:36 | Arcane Tower |
| 11:40 | Peasant |
| 11:45 | Priest Master Training |
| 11:47 | Control Magic |
| 11:52 | Farm |
| 12:28 | Gryphon Rider |
| 12:28 | Gryphon Rider |
| 12:30 | Peasant |
| 12:30 | Peasant |
| 12:34 | Scout Tower |
| 12:42 | Spell Breaker |
| 12:49 | Advanced Lumber Harvesting |
| 13:17 | Gryphon Rider |
| 13:30 | Gryphon Rider |
| 13:30 | Gryphon Rider |
| 13:37 | Arcane Tower |
| 14:08 | Gryphon Rider |
| 14:13 | Imbued Gunpowder |
| 14:38 | Gryphon Rider |
| 15:15 | Boots of Speed |
| 15:16 | Staff of Teleportation |
| 15:56 | Summon Water Elemental |
| 16:02 | Gryphon Rider |
| 16:02 | Gryphon Rider |
| 16:33 | Gryphon Rider |
| 16:33 | Gryphon Rider |
| 16:39 | Reinforced Leather Armor |
| 17:09 | Gryphon Rider |
| 17:09 | Gryphon Rider |
| 17:49 | Dragonhawk Rider |
| 17:49 | Dragonhawk Rider |
| 18:26 | Brilliance Aura |
| 18:40 | Gryphon Rider |
| 18:40 | Gryphon Rider |
| 18:40 | Gryphon Rider |
| 19:13 | Gryphon Rider |
| 19:13 | Gryphon Rider |
| 20:09 | Gryphon Rider |
| 20:09 | Gryphon Rider |
| 20:09 | Gryphon Rider |
| 20:25 | Peasant |
| 20:25 | Peasant |
| 20:25 | Peasant |
| 20:25 | Peasant |
| 21:16 | Gryphon Rider |
| 21:16 | Gryphon Rider |
| 21:16 | Gryphon Rider |
| 21:21 | Peasant |
| 21:21 | Peasant |
| 21:21 | Peasant |
| 21:55 | Peasant |
| 21:55 | Peasant |
| 22:05 | Gryphon Rider |
| 22:32 | Priest |
| 22:47 | Gryphon Rider |
| Right click | 1442 |
| Select | 424 |
| Build/train/purchase | 114 |
| Select group | 43 |
| Misc. action | 22 |
| Assign group | 7 |
| Use ability | 2 |
| Minimap ping | 2 |
| Remove unit | 1 |
| Esc | 1 |

| Peasant | 16 | 1200 | / | 0 |
| Footman | 16 | 2160 | / | 0 |
| Rifleman | 12 | 2460 | / | 360 |
| Sorceress | 3 | 465 | / | 60 |
| total: | 47 | 6285g | / | 420w |
| Scout Tower | 4 | 120 | / | 80 |
| Guard Tower | 6 | 420 | / | 300 |
| Barracks | 2 | 320 | / | 120 |
| Farm | 9 | 720 | / | 180 |
| Altar of Kings | 1 | 180 | / | 50 |
| Lumber Mill | 1 | 120 | / | 0 |
| Blacksmith | 1 | 140 | / | 60 |
| Town Hall | 1 | 385 | / | 205 |
| Arcane Sanctum | 2 | 300 | / | 280 |
| Keep | 1 | 320 | / | 210 |
| total: | 21 | 2285g | / | 975w |
| 0:02 | Peasant |
| 0:02 | Peasant |
| 0:07 | Peasant |
| 0:22 | Barracks |
| 0:30 | Peasant |
| 0:37 | Farm |
| 0:47 | Peasant |
| 0:53 | Altar of Kings |
| 1:03 | Peasant |
| 1:17 | Lumber Mill |
| 1:22 | Peasant |
| 1:28 | Footman |
| 1:36 | Peasant |
| 1:40 | Farm |
| 1:53 | Peasant |
| 2:02 | Footman |
| 2:21 | Farm |
| 2:29 | Peasant |
| 2:47 | Farm |
| 2:58 | Footman |
| 3:00 | Farm |
| 3:14 | Blacksmith |
| 3:21 | Footman |
| 3:31 | Footman |
| 3:35 | Farm |
| 3:41 | Summon Water Elemental |
| 3:56 | Footman |
| 4:07 | Footman |
| 4:15 | Farm |
| 4:23 | Footman |
| 4:41 | Footman |
| 4:43 | Brilliance Aura |
| 4:56 | Footman |
| 5:31 | Footman |
| 5:41 | Town Hall |
| 5:50 | Iron Forged Swords |
| 6:14 | Rifleman |
| 6:39 | Keep |
| 7:09 | Peasant |
| 7:10 | Peasant |
| 7:10 | Peasant |
| 7:18 | Scout Tower |
| 7:40 | Rifleman |
| 7:45 | Black Gunpowder |
| 7:48 | Guard Tower |
| 7:50 | Scout Tower |
| 8:01 | Rifleman |
| 9:10 | Rifleman |
| 9:11 | Rifleman |
| 9:12 | Improved Lumber Harvesting |
| 9:16 | Iron Plating |
| 9:27 | Arcane Sanctum |
| 9:32 | Guard Tower |
| 9:37 | Scout Tower |
| 9:45 | Rifleman |
| 9:57 | Barracks |
| 10:06 | Guard Tower |
| 10:07 | Scout Tower |
| 10:17 | Long Rifles |
| 10:18 | Rifleman |
| 10:41 | Guard Tower |
| 11:00 | Rifleman |
| 11:00 | Rifleman |
| 11:15 | Summon Water Elemental |
| 11:41 | Rifleman |
| 11:41 | Rifleman |
| 11:49 | Guard Tower |
| 11:55 | Sorceress Adept Training |
| 11:56 | Sorceress |
| 12:03 | Arcane Sanctum |
| 12:10 | Peasant |
| 12:10 | Peasant |
| 12:11 | Peasant |
| 12:18 | Studded Leather Armor |
| 12:20 | Footman |
| 12:21 | Footman |
| 12:21 | Footman |
| 12:21 | Footman |
| 13:21 | Rifleman |
| 13:22 | Footman |
| 13:30 | Sorceress |
| 13:31 | Sorceress |
| 13:59 | Farm |
| 14:03 | Farm |
| Right click | 234 |
| Select | 179 |
| Select group | 108 |
| Assign group | 105 |
| Build/train/purchase | 92 |
| Misc. action | 29 |
| Use ability | 1 |
| Esc | 1 |
99 units @ 11.8k
/ 1.4k
205 buildings @ 15.7k
/ 8.6k
iggythefisk
(27:00) : 

| Healing Salve | 4 | 400 |
| Lesser Clarity Potion | 6 | 420 |
| Orb of Lightning | 1 | 375 |
| Boots of Speed | 2 | 500 |
| Staff of Teleportation | 1 | 150 |
| Orb of Fire | 1 | 325 |
| Staff of Sanctuary | 2 | 500 |
| total: | 17 | 2670g |
| Peon | 11 | 825 | / | 0 |
| Troll Batrider | 19 | 3040 | / | 760 |
| total: | 30 | 3865g | / | 760w |
| Watch Tower | 34 | 3740 | / | 2720 |
| Altar of Storms | 1 | 180 | / | 50 |
| Orc Burrow | 4 | 640 | / | 160 |
| War Mill | 1 | 205 | / | 0 |
| Voodoo Lounge | 3 | 390 | / | 90 |
| Great Hall | 1 | 385 | / | 185 |
| Beastiary | 1 | 145 | / | 140 |
| Stronghold | 1 | 315 | / | 190 |
| Fortress | 1 | 325 | / | 190 |
| total: | 45 | 5685g | / | 3345w |
| 0:03 | Peon |
| 0:04 | Altar of Storms |
| 0:07 | Orc Burrow |
| 0:09 | Peon |
| 0:30 | Peon |
| 0:43 | Peon |
| 1:02 | Peon |
| 1:07 | War Mill |
| 1:14 | Peon |
| 1:22 | Voodoo Lounge |
| 1:24 | Peon |
| 1:39 | Peon |
| 1:57 | Peon |
| 2:04 | Wind Walk |
| 2:12 | Peon |
| 2:20 | Watch Tower |
| 2:23 | Watch Tower |
| 2:59 | Watch Tower |
| 3:30 | Voodoo Lounge |
| 3:37 | Stronghold |
| 3:51 | Watch Tower |
| 4:48 | Healing Salve |
| 4:48 | Healing Salve |
| 4:48 | Lesser Clarity Potion |
| 5:26 | Critical Strike |
| 5:35 | Watch Tower |
| 5:36 | Watch Tower |
| 5:56 | Voodoo Lounge |
| 6:11 | Fortress |
| 6:56 | Lesser Clarity Potion |
| 6:57 | Lesser Clarity Potion |
| 6:57 | Healing Salve |
| 7:13 | Beastiary |
| 7:59 | Watch Tower |
| 8:28 | Orc Burrow |
| 9:00 | Wind Walk |
| 9:12 | Watch Tower |
| 9:12 | Watch Tower |
| 9:13 | Watch Tower |
| 9:14 | Watch Tower |
| 9:17 | Liquid Fire |
| 9:19 | Steel Ranged Weapons |
| 9:39 | Boots of Speed |
| 9:39 | Staff of Teleportation |
| 9:47 | Troll Batrider |
| 9:55 | Watch Tower |
| 9:56 | Watch Tower |
| 10:28 | Troll Batrider |
| 10:30 | Orc Burrow |
| 10:33 | Breath of Fire |
| 11:10 | Boots of Speed |
| 11:17 | Orb of Lightning |
| 11:29 | Troll Batrider |
| 11:41 | Thorium Ranged Weapons |
| 11:43 | Troll Batrider |
| 11:45 | Orc Burrow |
| 12:04 | Troll Batrider |
| 12:13 | Peon |
| 12:36 | Watch Tower |
| 12:36 | Watch Tower |
| 13:00 | Troll Batrider |
| 13:02 | Critical Strike |
| 13:07 | Drunken Brawler |
| 14:49 | Orb of Fire |
| 14:50 | Staff of Sanctuary |
| 15:04 | Watch Tower |
| 15:06 | Watch Tower |
| 15:12 | Troll Batrider |
| 16:07 | Healing Salve |
| 16:11 | Lesser Clarity Potion |
| 16:21 | Staff of Sanctuary |
| 16:38 | Lesser Clarity Potion |
| 17:11 | Watch Tower |
| 17:12 | Watch Tower |
| 17:12 | Watch Tower |
| 17:13 | Watch Tower |
| 17:15 | Reinforced Defenses |
| 17:30 | Troll Batrider |
| 17:30 | Troll Batrider |
| 17:30 | Troll Batrider |
| 17:50 | Steel Armor |
| 17:52 | Arcanite Ranged Weapons |
| 19:25 | Lesser Clarity Potion |
| 19:35 | Troll Batrider |
| 19:35 | Troll Batrider |
| 20:03 | Breath of Fire |
| 20:06 | Troll Batrider |
| 20:06 | Troll Batrider |
| 20:29 | Troll Batrider |
| 20:31 | Thorium Armor |
| 20:38 | Watch Tower |
| 20:43 | Watch Tower |
| 20:48 | Watch Tower |
| 20:48 | Watch Tower |
| 20:54 | Watch Tower |
| 20:55 | Watch Tower |
| 20:56 | Watch Tower |
| 20:56 | Watch Tower |
| 21:18 | Troll Batrider |
| 21:22 | Watch Tower |
| 22:00 | Wind Walk |
| 22:43 | Troll Batrider |
| 22:43 | Troll Batrider |
| 22:49 | Watch Tower |
| 22:50 | Watch Tower |
| 23:32 | Troll Batrider |
| 23:57 | Watch Tower |
| 23:57 | Watch Tower |
| 25:33 | Drunken Brawler |
| 25:56 | Great Hall |
| 26:21 | Critical Strike |
| 26:29 | Arcanite Armor |
| Right click | 1505 |
| Select group | 711 |
| Assign group | 456 |
| Select | 237 |
| Build/train/purchase | 122 |
| Use ability | 69 |
| Misc. action | 33 |
| Chat | 22 |
| Item give/drop | 11 |
| Resource trade | 5 |
| Remove unit | 1 |
| Minimap ping | 1 |



| Scroll of Regeneration | 1 | 100 |
| Staff of Sanctuary | 3 | 750 |
| Boots of Speed | 2 | 500 |
| Staff of Teleportation | 2 | 300 |
| Orb of Lightning | 3 | 1125 |
| total: | 11 | 2775g |
| Peasant | 14 | 1050 | / | 0 |
| Priest | 1 | 135 | / | 10 |
| Dragonhawk Rider | 4 | 800 | / | 120 |
| total: | 19 | 1985g | / | 130w |
| Scout Tower | 50 | 1500 | / | 1000 |
| Arcane Tower | 4 | 280 | / | 200 |
| Guard Tower | 28 | 1960 | / | 1400 |
| Altar of Kings | 1 | 180 | / | 50 |
| Farm | 7 | 560 | / | 140 |
| Lumber Mill | 1 | 120 | / | 0 |
| Arcane Vault | 1 | 130 | / | 30 |
| Blacksmith | 1 | 140 | / | 60 |
| Barracks | 1 | 160 | / | 60 |
| Arcane Sanctum | 1 | 150 | / | 140 |
| Gryphon Aviary | 1 | 140 | / | 150 |
| Keep | 2 | 640 | / | 420 |
| Castle | 1 | 360 | / | 210 |
| total: | 64 | 3080g | / | 1630w |
| 0:02 | Peasant |
| 0:02 | Peasant |
| 0:08 | Altar of Kings |
| 0:18 | Farm |
| 0:31 | Peasant |
| 0:41 | Farm |
| 0:47 | Peasant |
| 0:50 | Lumber Mill |
| 1:07 | Arcane Vault |
| 1:11 | Peasant |
| 1:18 | Peasant |
| 1:31 | Peasant |
| 1:36 | Scout Tower |
| 1:40 | Scout Tower |
| 1:41 | Scout Tower |
| 1:43 | Scout Tower |
| 1:44 | Peasant |
| 1:53 | Peasant |
| 2:01 | Arcane Tower |
| 2:04 | Peasant |
| 2:06 | Blizzard |
| 2:12 | Peasant |
| 2:19 | Scout Tower |
| 2:20 | Scout Tower |
| 2:39 | Scout Tower |
| 2:40 | Guard Tower |
| 2:56 | Guard Tower |
| 2:58 | Peasant |
| 2:59 | Peasant |
| 3:01 | Scroll of Regeneration |
| 3:15 | Guard Tower |
| 3:18 | Scout Tower |
| 3:22 | Scout Tower |
| 3:23 | Guard Tower |
| 3:34 | Scout Tower |
| 3:36 | Keep |
| 3:47 | Guard Tower |
| 3:50 | Guard Tower |
| 3:59 | Farm |
| 4:01 | Farm |
| 4:13 | Guard Tower |
| 4:14 | Scout Tower |
| 4:15 | Scout Tower |
| 4:34 | Brilliance Aura |
| 4:39 | Guard Tower |
| 4:51 | Improved Masonry |
| 4:54 | Farm |
| 5:06 | Scout Tower |
| 5:08 | Scout Tower |
| 5:09 | Scout Tower |
| 5:10 | Scout Tower |
| 5:11 | Guard Tower |
| 5:36 | Guard Tower |
| 6:02 | Guard Tower |
| 6:37 | Castle |
| 6:44 | Arcane Sanctum |
| 7:07 | Storm Bolt |
| 7:09 | Guard Tower |
| 7:10 | Scout Tower |
| 7:11 | Scout Tower |
| 7:12 | Scout Tower |
| 7:13 | Scout Tower |
| 8:05 | Guard Tower |
| 8:31 | Magic Sentry |
| 8:31 | Priest |
| 8:50 | Blizzard |
| 8:56 | Guard Tower |
| 9:17 | Arcane Tower |
| 9:56 | Holy Light |
| 10:12 | Staff of Sanctuary |
| 10:26 | Orb of Lightning |
| 10:36 | Scout Tower |
| 10:36 | Scout Tower |
| 10:37 | Scout Tower |
| 10:37 | Scout Tower |
| 10:40 | Bash |
| 10:41 | Advanced Masonry |
| 10:41 | Improved Lumber Harvesting |
| 11:33 | Boots of Speed |
| 11:33 | Staff of Teleportation |
| 12:00 | Scout Tower |
| 12:03 | Arcane Tower |
| 12:03 | Guard Tower |
| 12:04 | Guard Tower |
| 12:55 | Guard Tower |
| 13:12 | Boots of Speed |
| 13:12 | Staff of Teleportation |
| 13:25 | Staff of Sanctuary |
| 13:31 | Orb of Lightning |
| 13:31 | Orb of Lightning |
| 14:43 | Peasant |
| 14:49 | Divine Shield |
| 15:25 | Guard Tower |
| 15:49 | Staff of Sanctuary |
| 16:47 | Priest Adept Training |
| 17:35 | Gryphon Aviary |
| 17:36 | Blacksmith |
| 17:37 | Barracks |
| 18:26 | Brilliance Aura |
| 18:44 | Storm Bolt |
| 19:14 | Farm |
| 19:15 | Farm |
| 19:59 | Holy Light |
| 20:30 | Bash |
| 20:37 | Imbued Masonry |
| 22:48 | Scout Tower |
| 22:49 | Scout Tower |
| 22:49 | Scout Tower |
| 22:50 | Scout Tower |
| 22:50 | Scout Tower |
| 22:51 | Scout Tower |
| 22:51 | Scout Tower |
| 22:52 | Scout Tower |
| 22:53 | Scout Tower |
| 22:54 | Scout Tower |
| 22:55 | Scout Tower |
| 22:56 | Scout Tower |
| 22:56 | Scout Tower |
| 22:57 | Scout Tower |
| 22:57 | Scout Tower |
| 22:58 | Scout Tower |
| 22:58 | Scout Tower |
| 24:23 | Blizzard |
| 24:35 | Guard Tower |
| 24:35 | Guard Tower |
| 24:38 | Scout Tower |
| 24:38 | Scout Tower |
| 24:39 | Scout Tower |
| 24:39 | Scout Tower |
| 24:40 | Scout Tower |
| 24:40 | Scout Tower |
| 24:41 | Scout Tower |
| 24:41 | Scout Tower |
| 24:55 | Dragonhawk Rider |
| 24:55 | Dragonhawk Rider |
| 24:57 | Dragonhawk Rider |
| 24:57 | Dragonhawk Rider |
| 25:00 | Animal War Training |
| 25:00 | Iron Forged Swords |
| 25:02 | Studded Leather Armor |
| 25:25 | Divine Shield |
| 26:25 | Guard Tower |
| Right click | 2168 |
| Select group | 443 |
| Select | 441 |
| Build/train/purchase | 122 |
| Use ability | 107 |
| Chat | 84 |
| Assign group | 11 |
| Item give/drop | 7 |
| Resource trade | 4 |
| Minimap ping | 3 |
| Misc. action | 2 |
| Remove unit | 2 |
| Esc | 1 |



| Staff of Sanctuary | 3 | 750 |
| Staff of Teleportation | 3 | 450 |
| Boots of Speed | 3 | 750 |
| Healing Salve | 2 | 200 |
| Orb of Lightning | 4 | 1500 |
| total: | 15 | 3650g |
| Peasant | 20 | 1500 | / | 0 |
| total: | 20 | 1500g | / | 0w |
| Scout Tower | 62 | 1860 | / | 1240 |
| Arcane Tower | 4 | 280 | / | 200 |
| Guard Tower | 21 | 1470 | / | 1050 |
| Altar of Kings | 1 | 180 | / | 50 |
| Farm | 5 | 400 | / | 100 |
| Lumber Mill | 1 | 120 | / | 0 |
| Town Hall | 2 | 770 | / | 410 |
| Arcane Vault | 2 | 260 | / | 60 |
| Barracks | 1 | 160 | / | 60 |
| Blacksmith | 1 | 140 | / | 60 |
| Arcane Sanctum | 1 | 150 | / | 140 |
| Gryphon Aviary | 1 | 140 | / | 150 |
| Keep | 1 | 320 | / | 210 |
| Castle | 1 | 360 | / | 210 |
| total: | 77 | 4180g | / | 2270w |
| 0:04 | Peasant |
| 0:04 | Peasant |
| 0:09 | Altar of Kings |
| 0:15 | Farm |
| 0:31 | Peasant |
| 0:39 | Peasant |
| 0:52 | Scout Tower |
| 0:54 | Peasant |
| 0:57 | Lumber Mill |
| 1:06 | Peasant |
| 1:25 | Arcane Tower |
| 1:27 | Scout Tower |
| 1:28 | Peasant |
| 1:37 | Scout Tower |
| 1:44 | Peasant |
| 1:48 | Farm |
| 2:10 | Blizzard |
| 2:11 | Guard Tower |
| 2:26 | Guard Tower |
| 2:29 | Scout Tower |
| 2:37 | Peasant |
| 2:37 | Peasant |
| 2:37 | Peasant |
| 2:42 | Improved Masonry |
| 3:19 | Guard Tower |
| 3:22 | Peasant |
| 3:41 | Keep |
| 3:45 | Scout Tower |
| 3:55 | Scout Tower |
| 4:14 | Guard Tower |
| 4:33 | Guard Tower |
| 5:07 | Brilliance Aura |
| 5:32 | Town Hall |
| 6:00 | Farm |
| 6:07 | Scout Tower |
| 6:08 | Scout Tower |
| 6:09 | Scout Tower |
| 6:11 | Scout Tower |
| 6:12 | Scout Tower |
| 6:13 | Scout Tower |
| 6:41 | Arcane Sanctum |
| 6:43 | Peasant |
| 6:44 | Peasant |
| 7:01 | Peasant |
| 7:16 | Arcane Tower |
| 7:18 | Guard Tower |
| 7:58 | Blizzard |
| 8:00 | Storm Bolt |
| 8:05 | Peasant |
| 8:05 | Peasant |
| 8:06 | Improved Lumber Harvesting |
| 9:08 | Guard Tower |
| 9:16 | Scout Tower |
| 9:17 | Scout Tower |
| 9:18 | Scout Tower |
| 9:18 | Scout Tower |
| 9:19 | Scout Tower |
| 9:20 | Scout Tower |
| 9:20 | Scout Tower |
| 9:20 | Scout Tower |
| 9:23 | Magic Sentry |
| 9:41 | Castle |
| 10:27 | Staff of Teleportation |
| 10:27 | Boots of Speed |
| 10:38 | Peasant |
| 10:41 | Scout Tower |
| 10:41 | Scout Tower |
| 10:42 | Scout Tower |
| 10:42 | Scout Tower |
| 10:55 | Guard Tower |
| 11:00 | Advanced Masonry |
| 11:04 | Arcane Vault |
| 11:07 | Arcane Vault |
| 11:10 | Healing Salve |
| 11:18 | Orb of Lightning |
| 11:18 | Orb of Lightning |
| 11:24 | Healing Salve |
| 11:29 | Guard Tower |
| 11:32 | Guard Tower |
| 11:51 | Guard Tower |
| 11:54 | Peasant |
| 11:54 | Peasant |
| 12:14 | Bash |
| 12:43 | Staff of Sanctuary |
| 12:45 | Staff of Sanctuary |
| 12:49 | Farm |
| 12:49 | Farm |
| 12:52 | Scout Tower |
| 12:53 | Scout Tower |
| 12:54 | Scout Tower |
| 12:54 | Scout Tower |
| 12:55 | Scout Tower |
| 12:56 | Scout Tower |
| 12:58 | Imbued Masonry |
| 12:59 | Advanced Lumber Harvesting |
| 13:02 | Guard Tower |
| 13:04 | Scout Tower |
| 13:05 | Scout Tower |
| 13:05 | Scout Tower |
| 13:06 | Scout Tower |
| 13:07 | Scout Tower |
| 13:08 | Scout Tower |
| 13:24 | Orb of Lightning |
| 13:32 | Guard Tower |
| 13:36 | Guard Tower |
| 13:52 | Holy Light |
| 14:10 | Boots of Speed |
| 14:29 | Guard Tower |
| 14:32 | Scout Tower |
| 14:33 | Scout Tower |
| 14:33 | Scout Tower |
| 14:34 | Scout Tower |
| 14:57 | Guard Tower |
| 15:12 | Gryphon Aviary |
| 15:14 | Barracks |
| 15:16 | Blacksmith |
| 15:17 | Scout Tower |
| 15:18 | Scout Tower |
| 15:18 | Scout Tower |
| 15:19 | Scout Tower |
| 15:22 | Scout Tower |
| 15:23 | Scout Tower |
| 15:24 | Scout Tower |
| 15:25 | Scout Tower |
| 15:39 | Guard Tower |
| 15:49 | Guard Tower |
| 16:31 | Storm Bolt |
| 16:33 | Divine Shield |
| 16:36 | Brilliance Aura |
| 16:48 | Guard Tower |
| 16:53 | Scout Tower |
| 16:55 | Scout Tower |
| 16:55 | Scout Tower |
| 16:56 | Scout Tower |
| 16:58 | Arcane Tower |
| 17:38 | Orb of Lightning |
| 17:40 | Staff of Sanctuary |
| 17:45 | Staff of Teleportation |
| 18:00 | Boots of Speed |
| 18:45 | Guard Tower |
| 18:54 | Scout Tower |
| 18:54 | Scout Tower |
| 19:57 | Holy Light |
| 20:22 | Animal War Training |
| 20:25 | Arcane Tower |
| 20:27 | Cloud |
| 22:37 | Bash |
| 23:09 | Staff of Teleportation |
| 23:16 | Blizzard |
| 26:46 | Town Hall |
| 26:49 | Scout Tower |
| 26:50 | Scout Tower |
| 26:51 | Scout Tower |
| 26:52 | Scout Tower |
| 26:53 | Scout Tower |
| 26:53 | Scout Tower |
| 26:54 | Scout Tower |
| 26:54 | Scout Tower |
| Right click | 1558 |
| Select group | 1360 |
| Select | 250 |
| Use ability | 111 |
| Build/train/purchase | 97 |
| Misc. action | 36 |
| Assign group | 10 |
| Item give/drop | 9 |
| Esc | 2 |

| Orb of Lightning | 3 | 1125 |
| total: | 3 | 1125g |
| Peon | 8 | 600 | / | 0 |
| Grunt | 6 | 1200 | / | 0 |
| Troll Headhunter | 4 | 560 | / | 80 |
| Demolisher | 1 | 220 | / | 50 |
| Shaman | 1 | 130 | / | 20 |
| Kodo Beast | 1 | 255 | / | 60 |
| Raider | 3 | 540 | / | 120 |
| Troll Berserker | 5 | 700 | / | 100 |
| Tauren | 1 | 280 | / | 80 |
| total: | 30 | 4485g | / | 510w |
| Watch Tower | 5 | 550 | / | 400 |
| Altar of Storms | 1 | 180 | / | 50 |
| Barracks | 2 | 360 | / | 100 |
| Orc Burrow | 5 | 800 | / | 200 |
| War Mill | 1 | 205 | / | 0 |
| Voodoo Lounge | 1 | 130 | / | 30 |
| Beastiary | 2 | 290 | / | 280 |
| Spirit Lodge | 1 | 150 | / | 150 |
| Tauren Totem | 1 | 135 | / | 155 |
| Stronghold | 1 | 315 | / | 190 |
| Fortress | 1 | 325 | / | 190 |
| total: | 19 | 2800g | / | 1365w |
| 0:22 | Altar of Storms |
| 0:26 | Barracks |
| 0:31 | Orc Burrow |
| 0:33 | Peon |
| 0:37 | Peon |
| 0:43 | Peon |
| 1:07 | Peon |
| 1:32 | Peon |
| 1:52 | War Mill |
| 2:09 | Grunt |
| 2:25 | Peon |
| 2:25 | Peon |
| 2:51 | Orc Burrow |
| 3:09 | Healing Spray |
| 3:27 | Watch Tower |
| 3:44 | Spiked Barricades |
| 3:58 | Grunt |
| 4:03 | Orc Burrow |
| 4:05 | Orc Burrow |
| 4:10 | Voodoo Lounge |
| 4:16 | Barracks |
| 4:35 | Grunt |
| 5:15 | Stronghold |
| 5:19 | Troll Headhunter |
| 5:26 | Acid Bomb |
| 5:58 | Troll Headhunter |
| 6:05 | Orc Burrow |
| 7:04 | Troll Headhunter |
| 7:17 | Grunt |
| 7:54 | Troll Regeneration |
| 7:55 | Berserker Strength |
| 7:56 | Fortress |
| 8:04 | Beastiary |
| 8:19 | Healing Spray |
| 8:21 | Healing Spray |
| 8:22 | Healing Spray |
| 8:22 | Healing Spray |
| 8:32 | Watch Tower |
| 8:33 | Watch Tower |
| 8:39 | Watch Tower |
| 8:40 | Watch Tower |
| 8:49 | Steel Melee Weapons |
| 8:54 | Spirit Lodge |
| 9:07 | Grunt |
| 9:29 | Beastiary |
| 10:13 | Demolisher |
| 10:22 | Peon |
| 11:29 | Berserker Upgrade |
| 11:30 | Troll Headhunter |
| 11:36 | Shaman |
| 11:47 | Kodo Beast |
| 12:01 | Steel Ranged Weapons |
| 12:58 | Raider |
| 13:03 | Troll Berserker |
| 13:15 | Thorium Ranged Weapons |
| 13:21 | Grunt |
| 13:46 | Troll Berserker |
| 13:49 | Raider |
| 14:10 | Tauren Totem |
| 14:17 | Steel Armor |
| 14:55 | Orb of Lightning |
| 14:55 | Orb of Lightning |
| 15:11 | War Drums Damage Increase |
| 15:16 | Acid Bomb |
| 15:47 | Tauren |
| 15:49 | Pulverize |
| 16:29 | Troll Berserker |
| 16:33 | Raider |
| 17:38 | Ensnare |
| 17:50 | Troll Berserker |
| 17:57 | Orb of Lightning |
| 18:17 | Healing Spray |
| 18:39 | Troll Berserker |
| Select | 252 |
| Right click | 172 |
| Build/train/purchase | 61 |
| Misc. action | 45 |
| Use ability | 19 |
| Assign group | 12 |
| Select group | 9 |
| Remove unit | 2 |
| Item give/drop | 1 |
| Minimap ping | 1 |